 Dungeon Crawl Stone Soup version 0.30-a0-137-gd8773701ce (webtiles) character file.

Game seed: 9578413009058373431

752 funkygono the Grave Robber (level 7, -4/46 HPs)
             Began as a Demonspawn Necromancer on Sept 21, 2022.
             Slain by Duvessa
             ... wielding a +1 short sword of speed
              (12 damage)
             ... on level 4 of the Dungeon.
             The game lasted 00:08:23 (4533 turns).

funkygono the Grave Robber (Demonspawn Necromancer) Turns: 4533, Time: 00:08:24

Health: -4/46      AC:  4    Str:  8    XL:     7   Next: 49%
Magic:  6/15       EV: 16    Int: 19    God:
Gold:   245        SH:  0    Dex: 13    Spells: 4/17 levels left

rFire   . . .      SeeInvis .    j - +1 long sword
rCold   . . .      Faith    .    (no shield)
rNeg    . . .      Spirit   .    a - +0 robe
rPois   .          Reflect  .    o - +0 helmet
rElec   .          Harm     .    (no cloak)
rCorr   .          Rampage  .    (no gloves)
Will    .....                    s - +0 pair of boots
Stlth   +.........               (no amulet)
HPRegen 0.15/turn                f - +4 ring of evasion
MPRegen 0.28/turn                (no ring)

@: lethally poisoned (-4 -> -19), lit by a corona, glowing
A: hooves 1, magic regeneration, sturdy frame 1
a: no special abilities


You were on level 4 of the Dungeon.
You visited 1 branch of the dungeon, and saw 4 of its levels.

You collected 245 gold pieces.

Inventory:

Hand Weapons
 c - a +0 dagger
 e - a +1 dagger of draining
 j - a +1 long sword (weapon)
Armour
 a - a +0 robe (worn)
 n - a scarf of shadows
 o - a +0 helmet (worn)
 s - a +0 pair of boots (worn)
Jewellery
 f - a +4 ring of evasion (left hand)
 v - a ring of positive energy
Wands
 h - a wand of polymorph (6)
 k - a wand of roots (10)
 p - a wand of light (5)
Scrolls
 g - a scroll of fear {unknown}
 q - 2 scrolls of teleportation
 u - a scroll of identify
 w - a scroll of magic mapping {unknown}
Potions
 b - 4 potions of magic
 d - 3 potions of curing
 i - a potion of brilliance
 l - a potion of lignification {unknown}
 m - a potion of degeneration {unknown}
 r - a potion of heal wounds {unknown}
 t - a potion of might {unknown}


   Skills:
 + Level 0.1 Fighting
 + Level 0.3 Long Blades
 + Level 2.2 Dodging
 - Level 1.7 Stealth
 + Level 5.7 Spellcasting
 + Level 7.6 Necromancy


You had 4 spell levels left.
You knew the following spells:

 Your Spells              Type           Power      Damage    Failure   Level
a - Necrotise             Necr           100%       1d9       1%          1
b - Vampiric Draining     Necr           34%        2d8       1%          3
c - Animate Dead          Necr           34%        N/A       4%          4
d - Agony                 Necr           34%        N/A       14%         5

Your spell library contained the following spells:

 Spells                   Type           Power      Damage    Failure   Level
 Beastly Appendage        Tmut           10%        N/A       12%         1
 Wereblood                Tmut           5%         N/A       17%         2
 Spider Form              Tmut/Pois      5%         N/A       34%         3
 Stone Arrow              Conj/Erth      10%        3d7       34%         3
 Animate Armour           Summ/Erth      10%        N/A       75%         4
 Lehudib's Crystal Spear  Conj/Erth      2%         10d2      100%        8


Dungeon Overview and Level Annotations

Branches:
Dungeon (4/15)
 Temple: D:4-7

Altars:

Annotations:
D:4 Dowan, Duvessa


Innate Abilities, Weirdness & Mutations

You have large cloven feet.
You regenerate magic rapidly.
Your movements are slightly less encumbered by armour. (ER -2)


Message History

Aiming: Necrotise (safe; 1% risk of failure)
Press: ? - help, Shift-Dir - straight line, f/p - Duvessa
Aim: Duvessa, wielding a +1 short sword of speed and wearing a +0 ring mail (severely wounded, fast, chance to affect: 70%) Duvessa writhes in agony.
Duvessa says, "My weaknesses are his strengths!"
Duvessa hits you with a +1 short sword of speed.
Duvessa barely misses you. Dowan casts a spell at you.
You are outlined in light.
Casting: Necrotise (safe; 1% risk of failure)
Confirm with . or Enter, or press ? or * to list all spells.
Aiming: Necrotise (safe; 1% risk of failure)
Press: ? - help, Shift-Dir - straight line, f/p - Duvessa
Aim: Duvessa, wielding a +1 short sword of speed and wearing a +0 ring mail (severely wounded, fast, chance to affect: 70%) Duvessa struggles to resist.
Duvessa hits you with a +1 short sword of speed. x2
Dowan smirks and points a slender finger.
Dowan hits you with a +0 dagger of venom.
You are poisoned.
Casting: Necrotise (safe; 1% risk of failure)
Confirm with . or Enter, or press ? or * to list all spells.
Aiming: Necrotise (safe; 1% risk of failure)
Press: ? - help, Shift-Dir - straight line, f/p - Duvessa
Aim: Duvessa, wielding a +1 short sword of speed and wearing a +0 ring mail (severely wounded, fast, chance to affect: 70%) Duvessa struggles to resist.
You feel very sick.
Duvessa hits you with a +1 short sword of speed.
* * * LOW HITPOINT WARNING * * *
Duvessa barely misses you. Dowan hits you but does no damage.
You are lethally poisoned!
Casting: Necrotise (safe; 1% risk of failure)
Confirm with . or Enter, or press ? or * to list all spells.
Aiming: Necrotise (safe; 1% risk of failure)
Press: ? - help, Shift-Dir - straight line, f/p - Duvessa
Aim: Duvessa, wielding a +1 short sword of speed and wearing a +0 ring mail (severely wounded, fast, chance to affect: 70%) Duvessa writhes in agony.
* * * LOW HITPOINT WARNING * * *
You feel very sick.
Duvessa hits you with a +1 short sword of speed!
You die...

#### #....#........#
...## #....#........#
....##########....###
..<..# ######...###
.....# #........#
.....###.###.####
...........#.###########
.....#####......#.......
....## ###.##.@e......
.....####......##e......
................ .......
.....).......... .......
(....#...........#######
.....#...........#
...∩##...........#
...###...........
................#


You could see Duvessa (fast) and Dowan.

Vanquished Creatures
  Sigmund (D:3)
  2 ogres
  A necrophage (D:4)
  Natasha (thrice) (D:3)
  Ijyb (D:3)
  Terence (D:3)
  Robin (D:2)
  5 adders
  6 orcs
  8 endoplasms
  A giant cockroach (D:3)
  15 goblins
  11 hobgoblins
  3 jackals (D:4)
  2 quokkas
  9 ball pythons
  4 bats (D:2)
  2 frilled lizards (D:1)
  8 kobolds
  9 rats
93 creatures vanquished.

Vanquished Creatures (collateral kills)
  Blork the orc (D:4)
  An orc (D:4)
  2 endoplasms
  4 ball pythons
8 creatures vanquished.

Vanquished Creatures (others)
  A ball python zombie (D:4)
  An orc zombie (D:4)
2 creatures vanquished.

Grand Total: 103 creatures vanquished

Notes
Turn   | Place    | Note
-------+----------+-------------------------------------------
     0 | D:1      | funkygono the Demonspawn Necromancer began the quest for
                  | the Orb.
     0 | D:1      | Reached XP level 1. HP: 13/13 MP: 3/3
   245 | D:1      | Gained mutation: You regenerate magic rapidly. [demonic
                  | ancestry]
   245 | D:1      | Reached XP level 2. HP: 19/19 MP: 0/5
   616 | D:1      | Reached skill level 5 in Necromancy
   907 | D:1      | Reached XP level 3. HP: 24/24 MP: 3/6
   911 | D:1      | Learned a level 3 spell: Vampiric Draining
  1603 | D:2      | Gained mutation: You have large cloven feet. [demonic
                  | ancestry]
  1603 | D:2      | Reached XP level 4. HP: 30/30 MP: 2/8
  1880 | D:2      | Noticed Robin
  1915 | D:2      | Killed Robin
  2106 | D:3      | Learned a level 4 spell: Animate Dead
  2131 | D:3      | Noticed an ogre
  2137 | D:3      | Killed an ogre
  2138 | D:3      | Reached skill level 6 in Necromancy
  2138 | D:3      | Reached XP level 5. HP: 35/35 MP: 0/10
  2221 | D:3      | Noticed Ijyb
  2228 | D:3      | Killed Ijyb
  2277 | D:3      | Noticed Sigmund
  2291 | D:3      | Killed Sigmund
  2292 | D:3      | Gained mutation: Your movements are slightly less
                  | encumbered by armour. (ER -2) [demonic ancestry]
  2292 | D:3      | Reached XP level 6. HP: 19/41 MP: 1/13
  2520 | D:3      | Noticed Terence
  2525 | D:3      | Killed Terence
  2765 | D:3      | Noticed Natasha
  2774 | D:3      | Killed Natasha
  2866 | D:3      | Noticed Natasha
  2869 | D:3      | Killed Natasha
  2870 | D:3      | Reached skill level 5 in Spellcasting
  2894 | D:3      | Noticed Natasha
  2899 | D:3      | Killed Natasha
  2900 | D:3      | Reached skill level 7 in Necromancy
  3171 | D:3      | Found a faded altar of an unknown god.
  3588 | D:3      | Learned a level 5 spell: Agony
  3656 | D:4      | Noticed Blork the orc
  3659 | D:4      | Reached XP level 7. HP: 46/46 MP: 11/14
  3667 | D:4      | Killed Blork the orc
  4520 | D:4      | Noticed Duvessa
  4521 | D:4      | Noticed Dowan
  4533 | D:4      | Slain by Duvessa

Illustrated notes

Levels and vault maps discovered:
D:1:      minmay_arrival_shattered_statue, layout_loops_ring
D:2:      layout_loops_ring, dk_vineyard_1, minmay_crystal_room, st_stairs_1,
          grunt_decor_arrowhead, minmay_shallow_snake_nest, uniq_robin
D:3:      layout_basic, ebering_ecumenical_altar_petrified, item_on_display_a,
          uniq_natasha, uniq_sigmund, uniq_terence, uniq_ijyb
D:4:      layout_rooms, abandoned_shop, eino_tiny_chamber, uniq_blork_the_orc,
          uniq_duvessa

Skill      XL: |  1  2  3  4  5  6 |
---------------+-------------------+-----
Necromancy     | 5 6 7 |  7.6
Dodging        | 2 |  2.2
Spellcasting   | 3 4 5 |  5.7
Fighting       | |  0.1
Long Blades    | |  0.3
Stealth        | |  1.7

Action                   |  1- 3 |  4- 6 |  7- 9 || total
-------------------------+-------+-------+-------++-------
Melee: Unarmed           |     4 |       |       ||     4
       Punch             |     1 |       |       ||     1
       Dagger            |     1 |       |       ||     1
       Long sword        |     1 |     4 |    11 ||    16
 Cast: Necrotise         |    73 |    95 |    47 ||   215
       Vampiric Draining |       |     3 |       ||     3
       Animate Dead      |       |     3 |       ||     3
  Use: Scroll            |       |     9 |       ||     9
       Potion            |       |       |     1 ||     1
Armor: Robe              |     2 |     6 |     3 ||    11
Dodge: Dodged            |    10 |    18 |    36 ||    64

Table legend: (Time is in decaauts)
 A = Elapsed time spent in this place.
 B = Non-inter-level travel time spent in this place.
 C = Inter-level travel time spent in this place.
 D = Time resting spent in this place.
 E = Time spent auto-exploring this place.
 F = Levels seen in this place.
 G = Mean time per level.
                   A        B        C        D        E       F      G
               +--------+--------+--------+--------+--------+-----+--------+
         Total |   4538 |   4460 |     78 |     35 |   3790 |   4 | 1134.5 |
       Dungeon |   4538 |   4460 |     78 |     35 |   3790 |   4 | 1134.5 |
               +--------+--------+--------+--------+--------+-----+--------+

Top non-repeatable levels by time:
     D:3: 1499 daAuts
     D:2: 1104 daAuts
     D:1: 990 daAuts
     D:4: 943 daAuts
